 Dungeon Crawl Stone Soup version 0.23-a0-126-g19e28b46dc (webtiles) character file.

123308 Napalmbreeze the Severer (level 16, -24/232 HPs)
             Began as a Minotaur Berserker on Aug 23, 2018.
             Was a High Priest of Trog.
             Annihilated by Polyphemus (27 damage)
             ... on level 3 of the Shoals on Aug 26, 2018.
             The game lasted 01:09:39 (29321 turns).

Napalmbreeze the Severer (Minotaur Berserker)      Turns: 29321, Time: 01:09:39

Health: -24/232    AC: 24    Str: 27    XL:     16   Next: 36%
Magic:  15/15      EV: 17    Int: 11    God:    Trog [*****.]
Gold:   1226       SH:  4    Dex: 16    Spells: 15/15 levels left

rFire    + + .     SeeInvis +   S - +8 battleaxe of Laceration {venom, Int+6}
rCold    + + .     Gourm    .   (shield currently unavailable)
rNeg     + + +     Faith    .   j - +1 plate armour
rPois    .         Spirit   .   E - +0 mask of the Dragon {MR+ Slay+3 SInv}
rElec    +         Reflect  +   g - scarf {rC+ rF+}
rCorr    +         Harm     .   s - +0 pair of gloves of the Fiend {rC+ rCorr Str+2 Slay+2}
MR       ++++.                  (no boots)
Stlth    ..........             N - +4 amulet of reflection
HPRegen  1.48/turn              f - +2 ring of protection
MPRegen  0.14/turn              O - ring "Xitus" {rElec rF+ rN+++ Str-3 Dex+3}

@: berserking, regenerating, studying Maces & Flails, very quick
A: retaliatory headbutt, horns 2, thin metallic scales 1, dopey 1
a: Berserk, Trog's Hand, Brothers in Arms, Renounce Religion


You were on level 3 of the Shoals.
You worshipped Trog.
Trog was extremely pleased with you.
You were not hungry.

You visited 4 branches of the dungeon, and saw 26 of its levels.
You also visited: Labyrinth.

You collected 2494 gold pieces.
You spent 1268 gold pieces at shops.

Inventory:

Hand Weapons
 S - the +8 battleaxe of Laceration (weapon) {venom, Int+6}
   (You bought it in a shop on level 2 of the Orcish Mines)

   It poisons the flesh of those it strikes.
   It affects your intelligence (+6).
Missiles
 h - 30 javelins (quivered)
Armour
 g - a scarf of resistance (worn)
 j - a +1 plate armour (worn)
 s - the +0 pair of gloves of the Fiend (worn) {rC+ rCorr Str+2 Slay+2}
   (You found it in a labyrinth)

   It affects your strength (+2).
   It affects your accuracy and damage with ranged weapons and melee attacks
   (+2).
   It protects you from cold.
   It provides partial protection from all sources of acid and corrosion.
 E - the +0 mask of the Dragon (worn) {MR+ Slay+3 SInv}
   (You found it on level 7 of the Dungeon)

   It affects your accuracy and damage with ranged weapons and melee attacks
   (+3).
   It affects your resistance to hostile enchantments.
   It lets you see invisible.
Jewellery
 f - a +2 ring of protection (left hand)
 m - an uncursed amulet of magic regeneration
 J - an uncursed ring of protection from fire
 N - a +4 amulet of reflection (around neck)
 O - the ring "Xitus" (right hand) {rElec rF+ rN+++ Str-3 Dex+3}
   (You bought it in a shop on level 2 of the Orcish Mines)

   [ring of protection from fire]

   It affects your strength (-3).
   It affects your dexterity (+3).
   It protects you from fire.
   It insulates you from electricity.
   It renders you almost immune to negative energy.
Wands
 k - a wand of acid (27)
 p - a wand of paralysis (12)
 y - a wand of digging (57)
Scrolls
 b - 7 scrolls of fear
 d - 3 scrolls of fog
 e - a scroll of magic mapping
 q - a scroll of summoning
 r - 16 scrolls of teleportation
 D - 2 scrolls of holy word
 F - 6 scrolls of identify
 G - 3 scrolls of enchant weapon
 H - 11 scrolls of remove curse
 P - 2 scrolls of enchant armour
 R - a scroll of silence
Potions
 a - 3 potions of magic
 i - a potion of invisibility
 l - 4 potions of flight
 n - 2 potions of heal wounds
 t - 4 potions of agility
 v - 3 potions of haste
 w - 3 potions of resistance
 x - 2 potions of mutation
 B - 3 potions of might
 C - 3 potions of curing
 K - a potion of ambrosia
Books
 o - a manual of Maces & Flails
Comestibles
 c - 34 rations


   Skills:
 + Level 17.4 Fighting
 * Level 19.2 Axes
 + Level 16.3 Armour
 + Level 13.9 Dodging


You had 15 spell levels left.
You didn't know any spells.
Your spell library was empty.

Dungeon Overview and Level Annotations

Branches:
Dungeon (15/15)            Temple (0/1) D:6            Lair (6/6) D:9
 Shoals (3/4) Lair:4        Snake (0/4) Lair:3        Slime (0/5) Lair:6
    Orc (2/2) D:9             Elf (0/3) Orc:2        Vaults (0/5) D:13
 Depths (0/5) D:15

Altars:
Dithmenos
Hepliaklqana
Kikubaaqudgha
Makhleb
Ru
Trog
Zin
Beogh
Jiyva

Shops:
D:11 [   D:12 !   D:14 }   Orc:2 =([=

Portals:
Trove: D:10 (give 4 potions of resistance)

Annotations:
Lair:5 exclusion: 2 oklob plants
Lair:6 1 runed door
Shoals:3 Polyphemus


Innate Abilities, Weirdness & Mutations

You reflexively headbutt those who attack you in melee.
You have a pair of horns on your head.
You are partially covered in thin metallic scales. (AC +2)
You are dopey. (Int -2)


Message History

Polyphemus throws a large rock.
The large rock hits you!
* * * LOW HITPOINT WARNING * * *
You hear a bellow!
Your ogre hits the snapping turtle with a giant spiked club!!
The snapping turtle dies!
Trog accepts your kill. The merfolk siren barely misses you.
Polyphemus hits you!
* * * LOW HITPOINT WARNING * * *
Polyphemus completely misses you.
A red film seems to cover your vision as you go berserk!
You feel yourself moving faster!
You feel mighty!
You feel a lot more hungry.
Your ogre hits Polyphemus with a giant spiked club!
The catoblepas breathes a plume of calcifying dust at you.
The blast of calcifying dust hits you!
* * * LOW HITPOINT WARNING * * *
The blast of calcifying dust hits your ogre.
The merfolk siren closely misses you.
A death yak comes into view.
Polyphemus hits you!!
You die...

≈≈≈≈≈≈≈≈≈≈≈≈≈≈≈≈≈≈
≈≈≈≈≈≈≈≈≈≈≈≈≈≈≈≈≈≈
≈≈≈≈≈≈≈≈≈≈≈≈≈≈...≈
≈≈≈≈≈≈≈≈....≈....≈
≈≈≈§≈≈....(.......
≈≈≈≈§≈.......(....
≈≈≈≈≈§≈≈≈§.Y......
≈≈≈≈≈≈§.†OC#......
≈≈.≈≈≈§.@####...≈
≈≈≈≈≈≈m§Y# #.C≈
≈≈≈≈.....# ..≈
≈≈≈≈≈...## ..
≈≈≈≈≈≈.## ≈≈≈m≈≈.
≈≈≈≈≈≈≈ ≈≈≈≈≈≈≈
≈≈≈≈≈≈≈≈≈...≈≈..≈.


You could see Polyphemus, a merfolk avatar, a death yak, a catoblepas, a merfolk
siren and a friendly ogre (berserk).

Vanquished Creatures
  Rupert (D:12)
  Gastronok (Lair:3)
  Kirke (Lair:6)
  Ilsuiw (Shoals:3)
  The ghost of rvm the Blocker, a journeyman GrFi of Okawaru (Orc:2)
  The ghost of Xupack the Cleaver, a journeyman FoFi of Hepliaklqana (Lair:4)
  The ghost of Ytylat the Pandemonic, a journeyman DDFi of Makhleb (Lair:4)
  A minotaur (Lab)
  A merfolk javelineer (Shoals:3)
  An ettin (Orc:2)
  The ghost of Gerstahl the Prestidigitator, a journeyman DsAr of Dithmenos (Lair:5)
  Snorg (D:11)
  Fannar (Orc:1)
  3 hydras
  Harold (Orc:1)
  3 catoblepae (Lair:6)
  A merfolk aquamancer (Shoals:2)
  22 two-headed ogres
  3 centaur warriors
  4 ogre magi
  A death knight (D:13)
  6 death yaks (Lair:6)
  An iron troll (Orc:2)
  3 sea snakes
  A wizard (D:15)
  3 orc knights
  3 unseen horrors
  A necromancer (D:15)
  9 harpies
  A lindwurm (Lair:6)
  Pikel (D:8)
  2 fauns (Shoals:2)
  An oklob plant (D:7)
  2 orc sorcerers
  7 manticores
  6 ugly things
  3 cyclopes
  2 deep elf magi (D:15)
  3 black mambas
  3 merfolk sirens
  2 centaur zombies (D:15)
  A naga mage (D:15)
  Maurice (D:8)
  2 centaur skeletons
  A water nymph (Shoals:3)
  A gargoyle (D:13)
  11 spiny frogs
  The ghost of Azzok the Conjurer, a novice GnCj of Cheibriados (D:5)
  8 komodo dragons
  A freezing wraith (D:15)
  3 kobold demonologists (D:15)
  3 wind drakes
  A polar bear (Lair:4)
  11 trolls
  A hornet (D:12)
  8 merfolk
  17 blink frogs
  5 slime creatures (D:14)
  5 dream sheep (Lair:6)
  6 hippogriffs
  4 snapping turtles
  A meliai zombie (D:13)
  3 water elementals (Shoals:2)
  A wyvern (D:8)
  Sigmund (D:3)
  A wraith (D:15)
  41 yaks
  3 basilisks
  A hog (Lair:6)
  4 vampire mosquitoes (D:14)
  A steam dragon (D:7)
  A hungry ghost (D:9)
  3 wargs
  A soldier ant (D:14)
  12 water moccasins
  Edmund (D:6)
  Duvessa (D:6)
  An acid dragon (D:14)
  6 porcupines
  24 orc warriors
  A sky beast (D:12)
  2 ice beasts
  2 black bears (D:9)
  4 slaves (D:8)
  2 phantoms
  15 wolves
  28 ogres
  2 hornet zombies (D:15)
  19 centaurs
  8 crocodiles
  2 big kobolds
  22 bullfrogs
  A gnoll sergeant (D:6)
  Blork the orc (D:6)
  A wyvern skeleton (D:12)
  41 killer bees
  2 scorpions
  Dowan (D:6)
  5 wights (D:14)
  4 howler monkeys
  4 electric eels
  6 crimson imps
  4 lava snakes (Lab)
  3 quasits
  6 jellies
  4 hounds
  30 orc wizards
  A bullfrog skeleton (D:7)
  A gnoll shaman (D:7)
  2 iguanas
  11 orc priests
  Terence (D:3)
  5 hell rats (Lair:5)
  8 worker ants
  2 hound zombies
  A howler monkey skeleton (D:6)
  13 gnolls
  7 adders
  4 shadow imps
  2 adder zombies
  4 oozes
  2 adder skeletons
  2 worms
  4 dart slugs
  5 leopard geckos
  88 orcs
  3 ball pythons (D:3)
  7 bats
  6 giant cockroaches
  10 goblins
  A hobgoblin (D:3)
  10 jackals
  10 kobolds
  5 quokkas
  10 frilled lizards
  A quokka skeleton (D:8)
  5 rats
  A bush (D:7)
  8 fungi
  7 plants
776 creatures vanquished.

Vanquished Creatures (collateral kills)
  The ghost of temitten the Fencer, a journeyman MiMo of Makhleb (Lair:5)
  The ghost of Fandomethor the Tortoise, a journeyman GrFi of Okawaru (Lair:5)
  A merfolk javelineer (Shoals:3)
  2 hydras (Lair:4)
  2 two-headed ogres
  Sonja (D:9)
  A faun (Shoals:2)
  An orc sorcerer (D:9)
  A polar bear (Lair:2)
  A queen bee (D:9)
  A snapping turtle (Shoals:3)
  A water elemental (Shoals:2)
  A crocodile (Lair:2)
  A killer bee (D:9)
16 creatures vanquished.

Vanquished Creatures (others)
  4 humans (Lair:6)
  A gnoll (D:7)
  An adder (D:7)
  A leopard gecko (D:7)
  9 bushes
  17 fungi
  26 plants
59 creatures vanquished.

Grand Total: 851 creatures vanquished

Notes
Turn   | Place    | Note
-------+----------+-------------------------------------------
     0 | D:1      | Napalmbreeze the Minotaur Berserker began the quest for the
                  | Orb.
     0 | D:1      | Reached XP level 1. HP: 19/19 MP: 0/0
   469 | D:1      | Reached XP level 2. HP: 27/27 MP: 1/1
   767 | D:1      | Reached skill level 4 in Axes
  1173 | D:2      | Found a shadowy altar of Dithmenos.
  1176 | D:2      | Reached XP level 3. HP: 33/33 MP: 2/2
  1280 | D:2      | Reached ** piety under Trog
  1301 | D:2      | Found an ancient bone altar of Kikubaaqudgha.
  1806 | D:3      | Noticed Sigmund
  2030 | D:3      | Killed Sigmund
  2030 | D:3      | Reached XP level 4. HP: 41/41 MP: 3/3
  2030 | D:3      | Reached XP level 5. HP: 47/47 MP: 4/4
  2154 | D:3      | Reached skill level 5 in Fighting
  2278 | D:3      | Noticed Terence
  2287 | D:3      | Killed Terence
  2440 | D:3      | Reached skill level 5 in Axes
  2440 | D:3      | Reached XP level 6. HP: 56/56 MP: 5/5
  2651 | D:3      | Reached skill level 5 in Armour
  3180 | D:4      | Reached *** piety under Trog
  3462 | D:4      | Reached XP level 7. HP: 61/61 MP: 2/6
  3819 | D:5      | Entered Level 5 of the Dungeon
  4130 | D:5      | Found a burning altar of Makhleb.
  4151 | D:5      | Found a hazy altar of Hepliaklqana.
  4391 | D:5      | Reached skill level 6 in Axes
  4411 | D:5      | Found a transporter.
  4414 | D:5      | Noticed Azzok's ghost (novice GnCj)
  4419 | D:5      | Found a transporter.
  4432 | D:5      | Killed Azzok's ghost
  4432 | D:5      | Reached skill level 5 in Dodging
  4432 | D:5      | Reached XP level 8. HP: 71/71 MP: 2/7
  4831 | D:6      | Noticed Edmund
  4873 | D:6      | Killed Edmund
  4880 | D:6      | Reached **** piety under Trog
  4884 | D:6      | Reached skill level 7 in Axes
  5085 | D:6      | Noticed Dowan
  5089 | D:6      | Noticed Duvessa
  5097 | D:6      | Killed Dowan
  5098 | D:6      | Killed Duvessa
  5462 | D:6      | Reached XP level 9. HP: 79/79 MP: 2/8
  5491 | D:6      | Noticed Blork the orc
  5502 | D:6      | Killed Blork the orc
  5773 | D:6      | Found a sacrificial altar of Ru.
  5798 | D:6      | Found a staircase to the Ecumenical Temple.
  6037 | D:7      | Found the +0 mask of the Dragon {MR+ Slay+3 SInv}
  6209 | D:7      | Found an ancient bone altar of Kikubaaqudgha.
  6209 | D:7      | Noticed an oklob plant
  6553 | D:7      | Killed an oklob plant
  6553 | D:7      | Reached skill level 8 in Axes
  6553 | D:7      | Reached skill level 10 in Armour
  7673 | D:8      | Noticed Pikel
  7686 | D:8      | Killed Pikel
  7686 | D:8      | Reached XP level 10. HP: 90/90 MP: 9/9
  7742 | D:8      | Reached skill level 9 in Axes
  8265 | D:8      | Noticed Maurice
  8271 | D:8      | Killed Maurice
  8701 | D:9      | Reached skill level 10 in Axes
  8962 | D:9      | Reached ***** piety under Trog
  9146 | D:9      | Found a staircase to the Lair.
  9218 | D:9      | Found a staircase to the Orcish Mines.
  9404 | D:10     | Entered Level 10 of the Dungeon
  9599 | D:9      | Received a gift from Trog
 10035 | D:10     | Reached XP level 11. HP: 78/99 MP: 10/10
 10046 | D:10     | Reached skill level 10 in Fighting
 10046 | D:10     | Reached skill level 11 in Axes
 10974 | D:10     | Noticed an unseen horror
 10995 | D:10     | Killed an unseen horror
 11108 | D:10     | Found a portal to a secret trove of treasure.
 11423 | Lair:1   | Entered Level 1 of the Lair of Beasts
 11704 | Lair:1   | Reached skill level 12 in Axes
 12312 | Lair:1   | Gained mutation: You are dopey. (Int -2) [potion of
                  | mutation]
 12312 | Lair:1   | Gained mutation: You are partially covered in thin metallic
                  | scales. (AC +2) [potion of mutation]
 12343 | Lair:1   | Reached XP level 12. HP: 116/116 MP: 11/11
 13484 | Lair:3   | Noticed Gastronok
 13497 | Lair:3   | Killed Gastronok
 13497 | Lair:3   | Reached skill level 13 in Axes
 13504 | Lair:3   | Reached skill level 10 in Dodging
 13536 | Lair:3   | Found a labyrinth entrance.
 13545 | Lab      | Entered a labyrinth
 14230 | Lab      | Noticed a minotaur
 14237 | Lab      | Killed a minotaur
 14237 | Lab      | Reached XP level 13. HP: 125/125 MP: 12/12
 14346 | Lab      | Got a pair of smoking gloves
 14359 | Lair:3   | Identified the cursed +0 pair of gloves of the Fiend {rC+
                  | rCorr Str+2 Slay+2} (You found it in a labyrinth)
 14604 | Lair:3   | Found a staircase to the Snake Pit.
 14717 | Lair:4   | Received a gift from Trog
 15443 | Lair:4   | Found a staircase to the Shoals.
 15602 | Lair:4   | Lost intelligence.
 15650 | Lair:4   | Reached skill level 14 in Axes
 16038 | Lair:4   | Found a runed gate.
 16038 | Lair:4   | Found a runed gate.
 16038 | Lair:4   | Found a runed gate.
 16040 | Lair:4   | Noticed Xupack's ghost (journeyman FoFi)
 16043 | Lair:4   | Noticed Ytylat's ghost (journeyman DDFi)
 16050 | Lair:4   | Killed Ytylat's ghost
 16051 | Lair:4   | Killed Xupack's ghost
 16524 | Lair:5   | Found a runed gate.
 16524 | Lair:5   | Found a runed gate.
 16524 | Lair:5   | Found a runed gate.
 16548 | Lair:5   | Noticed Gerstahl's ghost (journeyman DsAr)
 16548 | Lair:5   | Noticed temitten's ghost (journeyman MiMo)
 16548 | Lair:5   | Noticed Fandomethor's ghost (journeyman GrFi)
 16592 | Lair:5   | Killed temitten's ghost
 16595 | Lair:5   | Killed Fandomethor's ghost
 16600 | Lair:5   | Killed Gerstahl's ghost
 16600 | Lair:5   | Reached skill level 15 in Fighting
 16618 | Lair:5   | Got a bloodstained helmet
 16620 | Lair:5   | Identified the cursed -4 helmet "Jeal" {rC++} (You found it
                  | on level 5 of the Lair of Beasts)
 16689 | Lair:5   | Received a gift from Trog
 17268 | Lair:6   | Entered Level 6 of the Lair of Beasts
 17528 | Lair:6   | Reached skill level 15 in Axes
 17989 | Lair:6   | Reached XP level 14. HP: 120/135 MP: 13/13
 18024 | Lair:6   | Found a glowing silver altar of Zin.
 18034 | Lair:6   | Noticed Kirke
 18042 | Lair:6   | Killed Kirke
 18120 | Lair:6   | Found a runed door.
 18122 | Lair:6   | Found a viscous altar of Jiyva.
 18122 | Lair:6   | Noticed an acid blob
 18123 | Lair:6   | Noticed an acid blob
 18126 | Lair:6   | Found a staircase to the Slime Pits.
 18126 | Lair:6   | Noticed an acid blob
 18146 | Lair:6   | Got a pair of smoking gloves
 18153 | Lair:6   | Identified the cursed -2 pair of gloves of Classification
                  | {Dex+4} (You found it on level 6 of the Lair of Beasts)
 18836 | Lair:6   | Received a gift from Trog
 19382 | Lair:6   | Reached skill level 16 in Axes
 19787 | Orc:1    | Entered Level 1 of the Orcish Mines
 19787 | Orc:1    | Found a roughly hewn altar of Beogh.
 19791 | Orc:1    | Noticed Sonja
 19877 | Orc:1    | Noticed Fannar
 19890 | D:9      | Killed Sonja
 20251 | Orc:1    | Upgraded the game from 0.23-a0-118-g70321190f2 to
                  | 0.23-a0-126-g19e28b46dc
 20253 | Orc:1    | Killed Fannar
 20635 | Orc:1    | Noticed Harold
 20643 | Orc:1    | Killed Harold
 20948 | Orc:2    | Entered Level 2 of the Orcish Mines
 20969 | Orc:2    | Found a staircase to the Elven Halls.
 21029 | Orc:2    | Found a transporter.
 21030 | Orc:2    | Found a transporter.
 21032 | Orc:2    | Noticed rvm's ghost (journeyman GrFi)
 21054 | Orc:2    | Killed rvm's ghost
 21146 | Orc:2    | Found Tezxiss's Jewellery Shoppe.
 21148 | Orc:2    | Found Keynus's Armour Boutique.
 21425 | Orc:2    | Reached skill level 17 in Axes
 21439 | Orc:2    | Reached skill level 15 in Armour
 21439 | Orc:2    | Reached XP level 15. HP: 119/144 MP: 14/14
 21442 | Orc:2    | Found Jothriev's Jewellery Boutique.
 21455 | Orc:2    | Found Pirut's Antique Weapon Shop.
 21747 | Orc:2    | Bought the ring "Xitus" {rElec rF+ rN+++ Str-3 Dex+3} for
                  | 900 gold pieces
 21865 | Orc:2    | Found a bloodstained altar of Trog.
 21881 | Orc:2    | Found a roughly hewn altar of Beogh.
 22280 | D:11     | Noticed Snorg
 22290 | D:11     | Killed Snorg
 22333 | D:11     | Found Motrusat's Armour Shop.
 22530 | D:11     | Got a pitted scimitar
 23163 | D:12     | Found Zuvar's Distillery.
 23243 | D:12     | Noticed Rupert
 23257 | D:12     | Killed Rupert
 23293 | D:12     | Found a bloodstained altar of Trog.
 23822 | Orc:2    | Bought a polished battleaxe for 368 gold pieces
 23822 | Orc:2    | Identified the +8 battleaxe of Laceration {venom, Int+6}
                  | (You bought it in a shop on level 2 of the Orcish Mines)
 24313 | D:13     | Found a gate to the Vaults.
 24333 | D:13     | Reached skill level 18 in Axes
 25544 | D:14     | Found Joytroq's Gadget Boutique.
 25627 | D:15     | Entered Level 15 of the Dungeon
 25658 | D:15     | Received a gift from Trog
 26337 | D:15     | Found a staircase to the Depths.
 27235 | Shoals:1 | Entered Level 1 of the Shoals
 27243 | Shoals:1 | Reached XP level 16. HP: 151/155 MP: 15/15
 27343 | Shoals:1 | Got a scorched morningstar
 28200 | Shoals:2 | Reached skill level 19 in Axes
 29219 | Shoals:3 | Noticed Ilsuiw
 29233 | Shoals:3 | Received a gift from Trog
 29286 | Shoals:3 | Killed Ilsuiw
 29307 | Shoals:3 | Noticed Polyphemus
 29318 | Shoals:3 | HP: 6/155 [Polyphemus/catoblepas (15)]
 29321 | Shoals:3 | Annihilated by Polyphemus

Vault maps used:
D:1:      eino_arrival_water_cross, minmay_pentomino_t2
D:2:      grunt_dithmenos_smoke, kiku_gazebo_garden_becter
D:3:      uniq_sigmund, uniq_terence
D:5:      lemuel_crystal_altar, first_ration, gammafunk_ghost_arena, basic_altar
D:6:      nicolae_ru_path_of_blood, minmay_temple_entry_poolview,
          uniq_blork_the_orc, uniq_edmund, uniq_duvessa
D:7:      grunt_ogre_cave, minmay_hedge_maze, lemuel_oklob_altar
D:8:      uniq_maurice, uniq_pikel
D:9:      grunt_lair_entry_orc_guard_hut, hiddenorc2_lemuel
D:10:     enter_trove_2, special_room, minmay_misc_feat_roman
D:11:     serial_shops, nicolae_shop_trees, uniq_snorg
D:12:     serial_shops, nicolae_shop_behind_doors, basic_altar, uniq_rupert
D:13:     david_vaults_2
D:14:     serial_shops, nicolae_shop_behind_doors
D:15:     grunt_enter_depths_magical_seal, serial_park_tiny_pond, minivault_5,
          grunt_ministairs_13
Lair:3:   guppyfry_snake_entry_island, lab_entry_generic, uniq_gastronok
Lair:4:   minmay_shoals_entry_centaurs, gammafunk_ghost_cemetery,
          lemuel_fruit_tree, serial_bayou_shore_b, serial_bayou_shore_a
Lair:5:   gammafunk_ghost_cemetery, grunt_megastairs_1,
          minmay_lair_oklob_chamber, infiniplex_staircase_pool,
          serial_bayou_shore_b
Lair:6:   evilmike_catoblepas_cave, slime_altar_2, basic_altar,
          grunt_megastairs_3, lemuel_fruit_fields, uniq_kirke
Shoals:2: cheibrodos_shoals_baths
Shoals:3: serial_shops, shop_statue, st_cyclops, uniq_polyphemus, uniq_ilsuiw
Orc:1:    mines2_david, uniq_harold, uniq_fannar, uniq_sonja
Orc:2:    st_orc_open, gammafunk_ghost_smash, basic_altar, trog_book
Lab:      labyrinth_lava_lair

Skill      XL: |  1  2  3  4  5  6  7  8  9 10 11 12 13 14 15 16 |
---------------+-------------------------------------------------+-----
Fighting       | 4 5 6 7 8 9 13 14 15 16 17 | 17.4
Axes           | 4 5 6 7 8 10 12 13 15 17 18 19 | 19.2
Armour         | 4 5 7 9 11 12 13 15 16 | 16.3
Dodging        | 3 4 5 6 7 8 9 10 11 12 13 | 13.9

Action                   |  1- 3 |  4- 6 |  7- 9 | 10-12 | 13-15 | 16-18 || total
-------------------------+-------+-------+-------+-------+-------+-------++-------
Melee: Hand axe          |    85 |   107 |   202 |       |       |       ||   394
       Headbutt          |    15 |    17 |    75 |    61 |   218 |    29 ||   415
       Battleaxe         |       |       |    80 |   320 |   751 |   122 ||  1273
Throw: Javelin           |     1 |     6 |       |       |       |    10 ||    17
Invok: Berserk           |     1 |     2 |     6 |     8 |    15 |     2 ||    34
       Trog's Hand       |       |       |     1 |     1 |     9 |     2 ||    13
       Brothers in Arms  |       |       |       |     2 |     8 |     3 ||    13
  Use: Potion            |       |       |     2 |    15 |     1 |     3 ||    21
       Scroll            |       |       |       |    14 |     9 |     1 ||    24
  Eat: Chunk             |     3 |     3 |    13 |    19 |    26 |     3 ||    67
       Ration            |       |     1 |     2 |     4 |    11 |     2 ||    20
Armor: Animal skin       |     3 |       |       |       |       |       ||     3
       Plate armour      |    58 |    51 |   150 |   293 |   427 |    90 ||  1069
Dodge: Dodged            |    46 |    41 |   140 |   316 |   558 |   120 ||  1221
Block: Other             |       |       |       |       |    66 |    49 ||   115
       Reflection        |       |       |       |       |     5 |     6 ||    11

Table legend:
 A = Non-vault XP
 B = Vault XP
 C = Vault XP percentage of total XP
 D = Non-vault monster count
 E = Vault monster count
 F = Vault count percentage of total count
                 A         B        C        D         E       F
            +---------+---------+-------+---------+---------+-------
      Total |   89661 |   72647 |  44.8 |     574 |     199 |  25.7
            +---------+---------+-------+---------+---------+-------
        D:1 |      29 |       2 |   6.5 |      16 |       1 |   5.9
        D:2 |      34 |       0 |   0.0 |      15 |       0 |   0.0
        D:3 |     156 |     244 |  61.0 |      31 |       2 |   6.1
        D:4 |     278 |       0 |   0.0 |      15 |       0 |   0.0
        D:5 |     685 |     435 |  38.8 |      23 |       3 |  11.5
        D:6 |     624 |     448 |  41.8 |      22 |       4 |  15.4
        D:7 |    1435 |     681 |  32.2 |      28 |       2 |   6.7
        D:8 |     982 |    1056 |  51.8 |      15 |       2 |  11.8
        D:9 |    2936 |    2433 |  45.3 |      34 |      51 |  60.0
       D:10 |    2893 |     427 |  12.9 |      25 |       7 |  21.9
       D:11 |    5410 |    1028 |  16.0 |      36 |       1 |   2.7
       D:12 |    4246 |    2757 |  39.4 |      19 |       1 |   5.0
       D:13 |    6728 |    2748 |  29.0 |      30 |       3 |   9.1
       D:14 |    3814 |       0 |   0.0 |      20 |       0 |   0.0
       D:15 |    7425 |   10711 |  59.1 |      40 |      20 |  33.3
     Lair:1 |    2893 |       0 |   0.0 |      14 |       0 |   0.0
     Lair:2 |    3156 |       0 |   0.0 |      18 |       0 |   0.0
     Lair:3 |    1313 |    2213 |  62.8 |       7 |       1 |  12.5
     Lair:4 |    8009 |    2615 |  24.6 |      28 |       6 |  17.6
     Lair:5 |    3902 |    3615 |  48.1 |      24 |       8 |  25.0
     Lair:6 |    8492 |   14328 |  62.8 |      33 |      27 |  45.0
   Shoals:1 |    7367 |       0 |   0.0 |      16 |       0 |   0.0
   Shoals:2 |    6595 |    2421 |  26.9 |      13 |       7 |  35.0
   Shoals:3 |    3993 |    2607 |  39.5 |      10 |       2 |  16.7
      Orc:1 |    4534 |    1981 |  30.4 |      26 |       5 |  16.1
      Orc:2 |     563 |   19702 |  97.2 |      15 |      42 |  73.7
        Lab |    1169 |     195 |  14.3 |       1 |       4 |  80.0
            +---------+---------+-------+---------+---------+-------
